 Dungeon Crawl Stone Soup version 0.22-a0-521-gb1378044ac (webtiles) character file.

1020 lavawurm the Cleaver (level 8, 0/49 HPs)
             Began as a Gargoyle Fighter on June 20, 2018.
             Was an Initiate of Makhleb.
             Slain by an ogre
             ... wielding a +0 giant club
              (17 damage)
             ... on level 3 of the Dungeon.
             The game lasted 00:19:25 (4081 turns).

lavawurm the Cleaver (Gargoyle Fighter)             Turns: 4081, Time: 00:19:26

Health: 0/49       AC: 14    Str: 20    XL:     8   Next: 22%
Magic:  8/8        EV:  7    Int: 10    God:    Makhleb [......]
Gold:   190        SH:  9    Dex: 10    Spells: 7/7 levels left

rFire    . . .     SeeInvis .   a - +0 war axe
rCold    . . .     Gourm    .   c - +0 shield
rNeg     + . .     Faith    .   b - +0 scale mail
rPois    ∞         Spirit   .   (no helmet)
rElec    +         Reflect  .   (no cloak)
rCorr    .         Harm     .   m - +1 pair of gloves
MR       .....                  (no boots)
Stlth    ..........             (no amulet)
HPRegen  0.16/turn              (no ring)
MPRegen  0.11/turn              (no ring)

@: no status effects
A: negative energy resistance 1, electricity resistance, unbreathing,
petrification resistance, rot immunity, AC +5
a: Renounce Religion


You were on level 3 of the Dungeon.
You worshipped Makhleb.
Makhleb was noncommittal.
You were not hungry.

You visited 2 branches of the dungeon, and saw 5 of its levels.

You collected 190 gold pieces.

Inventory:

Hand Weapons
 a - a +0 war axe (weapon)
 q - a +1 short sword of holy wrath
 r - a cursed -2 hand axe
 u - a +1 whip of flaming
Armour
 b - a +0 scale mail (worn)
 c - a +0 shield (worn)
 m - a +1 pair of gloves (worn)
 t - a cursed -1 chain mail
 w - a +0 helmet of see invisible
Jewellery
 v - a +4 ring of evasion {unknown}
Scrolls
 h - 5 scrolls of remove curse
 i - 4 scrolls of identify
 k - a scroll of enchant armour
 l - a scroll of immolation
 n - 3 scrolls of teleportation
Potions
 d - 4 potions of might
 e - a potion of invisibility
 g - 3 potions of curing
 j - 2 potions of mutation
 o - a potion of resistance
 p - a potion of lignification {unknown}
Comestibles
 f - 7 rations


   Skills:
 + Level 5.0 Fighting
 * Level 8.1 Axes
 - Level 3.2 Armour
 - Level 3.2 Shields


You had 7 spell levels left.
You didn't know any spells.
Your spell library contained the following spells:

 Spells                   Type           Power        Failure   Level  Hunger
 Apportation              Tloc           #.....       99%         1    ##.....
 Summon Small Mammal      Summ           #...         99%         1    ##.....
 Animate Skeleton         Necr           N/A          99%         1    ##.....
 Confusing Touch          Hex            #.....       99%         1    ##.....


Dungeon Overview and Level Annotations

Branches:
Dungeon (4/15)             Temple (1/1) D:4

Altars:
Ashenzari
Cheibriados
Dithmenos
Elyvilon
Fedhas
Gozag
Makhleb
Qazlal
Ru
Sif Muna
Trog
Vehumet
Zin


Innate Abilities, Weirdness & Mutations

You are resistant to torment.
Your stone body is resilient. (AC +5)
You are immune to poison.
You resist negative energy. (rN+)
You are resistant to electric shocks. (rElec)
You can survive without breathing.
You are immune to petrification.
You are immune to rotting.


Message History

You see here a giant spiked club.
All of the chunks of flesh in your inventory have rotted away.
You see here a club.
Done exploring.
You see here a mace.
You see here a scale mail.
There is a stone staircase leading up here.
You climb upwards.
The ogre hits you with a giant club!
There is a stone staircase leading down here.
You hit the ogre but do no damage. The ogre hits you with a giant club!
You hit the ogre.
The ogre is lightly wounded.
The ogre hits you but does no damage.
You hit the ogre.
The ogre is lightly wounded.
You block the ogre's attack.
You completely miss the ogre.
The ogre is lightly wounded.
The ogre hits you with a giant club!
You die...

###............#
###########..# ##.# #.##
#..# #..#
##############..#####
.................O..#####
######.#........@##.....#
#.#.#####.#.##.###.#
#.#.# #.#.##.# #.# #.#.#
#.#.##.###.# #.#.#
#.#.##.....#
#.#.#####.#.##.###.#
######.#...<##.#.##.# #.#
.......#.#######.##.###.#
########.#######........#


You could see an ogre.

Vanquished Creatures
  Pikel (D:4)
  2 ogres (D:4)
  2 hounds (D:4)
  An orc wizard (D:3)
  Terence (D:2)
  3 worker ants (D:4)
  A hound skeleton (D:4)
  Robin (D:4)
  3 gnolls (D:3)
  7 adders
  An ooze (D:3)
  A worm (D:2)
  2 dart slugs
  2 leopard geckos
  12 orcs
  5 giant cockroaches
  18 goblins
  15 hobgoblins
  2 jackals (D:2)
  A quokka (D:2)
  A ball python (D:4)
  7 bats
  5 frilled lizards
  3 kobolds
  6 rats
103 creatures vanquished.

Vanquished Creatures (others)
  3 orcs (D:4)
3 creatures vanquished.

Grand Total: 106 creatures vanquished

Notes
Turn   | Place    | Note
-------+----------+-------------------------------------------
     0 | D:1      | lavawurm the Gargoyle Fighter began the quest for the Orb.
     0 | D:1      | Reached XP level 1. HP: 14/14 MP: 1/1
    94 | D:1      | Reached skill level 2 in Axes
   149 | D:1      | Reached XP level 2. HP: 19/19 MP: 2/2
   628 | D:1      | Reached XP level 3. HP: 24/24 MP: 3/3
   954 | D:2      | Noticed Terence
   966 | D:2      | Killed Terence
   966 | D:2      | Reached skill level 3 in Axes
   966 | D:2      | Reached XP level 4. HP: 26/29 MP: 4/4
   979 | D:2      | Found a shattered altar of Ashenzari.
  1157 | D:2      | Found a sacrificial altar of Ru.
  1536 | D:2      | Reached skill level 4 in Axes
  1856 | D:3      | Reached XP level 5. HP: 27/33 MP: 5/5
  2038 | D:3      | Found a shadowy altar of Dithmenos.
  2718 | D:4      | Reached skill level 5 in Axes
  2718 | D:4      | Reached XP level 6. HP: 31/38 MP: 6/6
  2837 | D:4      | Noticed Robin
  2846 | D:4      | Killed Robin
  3238 | D:4      | Noticed a slave
  3238 | D:4      | Noticed a slave
  3239 | D:4      | Noticed a slave
  3240 | D:4      | Noticed Pikel
  3241 | D:4      | Noticed a slave
  3269 | D:4      | Killed Pikel
  3269 | D:4      | Reached skill level 7 in Axes
  3269 | D:4      | Reached XP level 7. HP: 15/44 MP: 7/7
  3744 | D:4      | Reached XP level 8. HP: 48/48 MP: 8/8
  3748 | D:4      | Reached skill level 5 in Fighting
  3748 | D:4      | Reached skill level 8 in Axes
  3820 | D:4      | Found a staircase to the Ecumenical Temple.
  3835 | Temple   | Entered the Ecumenical Temple
  3844 | Temple   | Became a worshipper of Makhleb the Destroyer
  4081 | D:3      | Slain by an ogre

Vault maps used:
D:1:      onia_arrival_mini_maze_b
D:2:      nicolae_ru_sacrificial_ziggurat, first_ration,
          corexii_hall_statues_deadend, ashenzari_altar_1, uniq_terence
D:3:      grunt_dithmenos_smoke_and_mirrors
D:4:      minmay_temple_entry_statues_fountains, uniq_pikel, uniq_robin
Temple:   compressed_dpeg_circular_temple

Skill      XL: |  1  2  3  4  5  6  7  8 |
---------------+-------------------------+-----
Axes           | 2 3 4 5 7 8 |  8.1
Fighting       | 4 5 |  5.0
Armour         | |  3.2
Shields        | |  3.2

Action                   |  1- 3 |  4- 6 |  7- 9 || total
-------------------------+-------+-------+-------++-------
Melee: War axe           |    88 |   270 |    33 ||   391
  Use: Scroll            |       |     9 |       ||     9
  Eat: Chunk             |       |     8 |     3 ||    11
Armor: Scale mail        |    43 |   141 |    12 ||   196
Dodge: Dodged            |    25 |    96 |     7 ||   128
Block: Shield            |    40 |   122 |    16 ||   178

Table legend:
 A = Spawn XP
 B = Non-spawn XP
 C = Spawn XP percentage of total XP
 D = Spawn monster count
 E = Non-spawn monster count
 F = Spawn count percentage of total count
 G = Total turns spent on level
                    A         B        C        D         E        F      G
               +---------+---------+-------+---------+---------+-------+---------
         Total |       0 |    1458 |   0.0 |       0 |     103 |   0.0 |  4081
               +---------+---------+-------+---------+---------+-------+---------
           D:1 |       0 |      39 |   0.0 |       0 |      25 |   0.0 |   941
           D:2 |       0 |     114 |   0.0 |       0 |      28 |   0.0 |   833
           D:3 |       0 |     145 |   0.0 |       0 |      21 |   0.0 |  1125
           D:4 |       0 |    1160 |   0.0 |       0 |      29 |   0.0 |  1086
               +---------+---------+-------+---------+---------+-------+---------
